 Dungeon Sprint DCSS version 0.30-a0-469-g84de5afbc5 (webtiles) character file.

Game seed: 1363202863370010853

7206 mhtbhm the Wrestler (level 11, -3/105 HPs)
             Began as a Ghoul Monk on Dec 19, 2022.
             Was the Champion of Makhleb.
             Slain by a death yak (12 damage)
             ... while petrified by a catoblepas
             ... in the Dungeon (Sprint IX: "|||||||||||||||||||||||||||||").
             The game lasted 00:03:08 (1186 turns).

mhtbhm the Wrestler (Ghoul Monk)                    Turns: 1186, Time: 00:03:09

Health: -3/105     AC:  7    Str: 20    XL:     11   Next: 11%
Magic:  10/10      EV:  2    Int:  5    God:    Makhleb [******]
Gold:   0          SH:  0    Dex: 11    Spells: 10/10 levels left

rFire   . . .      SeeInvis .      - Unarmed
rCold   + . .      Faith    .    (no shield)
rNeg    + + +      Spirit   .    a - +2 robe
rPois   ∞          Reflect  .    (no helmet)
rElec   .          Harm     .    j - +0 cloak
rCorr   .          Rampage  .    (no gloves)
Will    .....      NoTele   +    (no boots)
Stlth   ++........               (no amulet)
HPRegen 0.00/turn                l - +2 ring of protection
MPRegen 0.12/turn                k - +2 ring of evasion

@: mighty, petrified, inhibited regen
A: claws 1, cold resistance 1, negative energy resistance 3, inhibited
regeneration, torment resistance 2, devour on kill
a: Renounce Religion, Minor Destruction, Lesser Servant of Makhleb, Major
Destruction, Greater Servant of Makhleb


You were in the Dungeon.
You worshipped Makhleb.
Makhleb was exalted by your worship.
You visited 1 branch

Inventory:

Missiles
 d - 4 poisoned darts (quivered)
Armour
 a - a +2 robe (worn)
 j - a +0 cloak (worn)
Jewellery
 k - a +2 ring of evasion (right claw)
 l - a +2 ring of protection (left claw)
Scrolls
 g - 2 scrolls of blinking
 h - 3 scrolls of amnesia
 o - 2 scrolls of identify
Potions
 b - a potion of ambrosia
 c - 5 potions of curing
 e - 6 potions of heal wounds
 f - 4 potions of magic
 m - a potion of brilliance
 n - a potion of might


   Skills:
 + Level 12.4 Fighting
 + Level 11.5 Dodging
 - Level 2.8 Stealth
 + Level 21.4 Unarmed Combat
 + Level 5.5 Evocations


You had 10 spell levels left.
You didn't know any spells.
Your spell library contained the following spells:

 Spells                   Type           Power      Damage    Failure   Level
 Gell's Gravitas          Tloc           0%         N/A       85%         3
 Lesser Beckoning         Tloc           0%         N/A       85%         3
 Teleport Other           Tloc           0%         N/A       85%         3


Dungeon Overview and Level Annotations

Branches:
Dungeon (1/1)

Altars:
Cheibriados
Dithmenos
Fedhas
Gozag
Hepliaklqana
Kikubaaqudgha
Makhleb
Nemelex Xobeh
Okawaru
Qazlal
Ru
Sif Muna
Trog
Uskayaw
Vehumet
Wu Jian
Xom
Yredelemnul
Jiyva
Lugonu


Innate Abilities, Weirdness & Mutations

You are immune to poison.
You have sharp fingernails.
Your flesh is cold resistant. (rC+)
You are immune to negative energy. (rN+++)
You do not regenerate when monsters are visible.
You are immune to unholy pain and torment.
You thrive by killing the living.


Message History

The catoblepas is heavily wounded.
You barely miss the catoblepas.
The catoblepas is heavily wounded.
The catoblepas breathes a plume of calcifying dust at you.
The blast of calcifying dust hits you.
A catoblepas comes into view.
The catoblepas bellows!
You claw the catoblepas!
The catoblepas is severely wounded.
You are engulfed in calcifying dust.
You are slowing down.
You completely miss the catoblepas.
The catoblepas is severely wounded.
You are engulfed in calcifying dust.
The catoblepas breathes a plume of calcifying dust at you.
The blast of calcifying dust hits you.
Unknown command.
You mangle the catoblepas!!
You kill the catoblepas!
Makhleb accepts your kill.
You feel better.
You are engulfed in calcifying dust.
Your limbs have turned to stone.
You have turned to stone.
Your Unarmed Combat skill increases to level 21!
You are engulfed in calcifying dust.
The death yak gores you.
You are engulfed in calcifying dust.
A death yak comes into view.
The death yak gores you!!
The death yak gores you but does no damage.
The death yak gores you!! The death yak gores you!!
The death yak snorts and paws the ground.
The death yak gores you!!
* * * LOW HITPOINT WARNING * * *
The death yak gores you!
* * * LOW HITPOINT WARNING * * *
The death yak gores you but does no damage.
The death yak gores you!
* * * LOW HITPOINT WARNING * * *
The death yak gores you!!
You die...

▓.▓[▓
▓Y▓.▓[▓
▓Y▓.▓.▓
▓Y▓.▓.▓
▓Y▓.▓)▓
▓Y▓.▓.▓
▓Y▓.▓.▓
▓Y▓.▓'▓
▓@▓.▓_▓
▓.▓.▓_▓
▓.▓.▓_▓
▓.▓.▓_▓
▓.▓.▓_▓
▓.▓.▓_▓
▓.▓.▓_▓
▓.▓.▓_▓
▓÷▓.▓_▓


You could see 4 death yaks, a catoblepas and 2 yaks.

Vanquished Creatures
  3 hydras (D)
  A catoblepas (D)
  A centaur warrior (D)
  A boulder beetle (D)
  A cyclops (D)
  A black mamba (D)
  A komodo dragon (D)
  A torpor snail (D)
  A rime drake (D)
  A hornet (D)
  2 blink frogs (D)
  2 yaks (D)
  A wyvern (D)
  A basilisk (D)
  A vampire mosquito (D)
  3 water moccasins (D)
  A wolf (D)
  A centaur (D)
  A kobold brigand (D)
  2 bullfrogs (D)
  A killer bee (D)
  3 howler monkeys (D)
  An iguana (D)
  2 orcs (D)
  A hobgoblin (D)
  A jackal (D)
  3 quokkas (D)
  A frilled lizard (D)
  A rat (D)
41 creatures vanquished.

Notes
Turn   | Place    | Note
-------+----------+-------------------------------------------
     0 | D        | mhtbhm the Ghoul Monk began the quest for the Orb.
     0 | D        | Reached XP level 1. HP: 19/19 MP: 0/0
    46 | D        | Noticed an iguana
    54 | D        | Reached skill level 4 in Unarmed Combat
    54 | D        | Reached XP level 2. HP: 19/27 MP: 1/1
    66 | D        | Reached skill level 5 in Fighting
    66 | D        | Reached skill level 5 in Unarmed Combat
    66 | D        | Reached XP level 3. HP: 5/36 MP: 2/2
    83 | D        | Found a snail-covered altar of Cheibriados.
    83 | D        | Found a shadowy altar of Dithmenos.
    83 | D        | Found a blossoming altar of Fedhas.
    83 | D        | Found an opulent altar of Gozag.
    84 | D        | Found a hazy altar of Hepliaklqana.
    85 | D        | Found a viscous altar of Jiyva.
    86 | D        | Found an ancient bone altar of Kikubaaqudgha.
    87 | D        | Found a corrupted altar of Lugonu.
    88 | D        | Found a burning altar of Makhleb.
    89 | D        | Found a sparkling altar of Nemelex Xobeh.
    90 | D        | Found an iron altar of Okawaru.
    91 | D        | Found a stormy altar of Qazlal.
    92 | D        | Found a sacrificial altar of Ru.
    93 | D        | Found a shimmering blue altar of Sif Muna.
    94 | D        | Found a bloodstained altar of Trog.
    95 | D        | Found a hide-covered altar of Uskayaw.
    96 | D        | Became a worshipper of Makhleb the Destroyer
    96 | D        | Reached * piety under Makhleb
    96 | D        | Reached ** piety under Makhleb
   100 | D        | Found a radiant altar of Vehumet.
   101 | D        | Found an ornate altar of the Wu Jian Council.
   102 | D        | Found a shimmering altar of Xom.
   103 | D        | Found a basalt altar of Yredelemnul.
   202 | D        | Noticed a killer bee
   202 | D        | Noticed a hornet
   202 | D        | Noticed a kobold brigand
   221 | D        | Killed a kobold brigand
   222 | D        | Reached skill level 5 in Dodging
   222 | D        | Reached skill level 7 in Unarmed Combat
   222 | D        | Reached XP level 4. HP: 41/45 MP: 3/3
   226 | D        | Reached skill level 8 in Unarmed Combat
   226 | D        | Reached XP level 5. HP: 51/51 MP: 4/4
   236 | D        | Killed a hornet
   237 | D        | Reached skill level 10 in Unarmed Combat
   237 | D        | Reached XP level 6. HP: 32/61 MP: 5/5
   243 | D        | Reached *** piety under Makhleb
   244 | D        | Reached skill level 11 in Unarmed Combat
   249 | D        | Reached XP level 7. HP: 30/69 MP: 6/6
   383 | D        | Noticed a basilisk
   383 | D        | Noticed a boulder beetle
   383 | D        | Noticed a vampire mosquito
   383 | D        | Noticed a cyclops
   383 | D        | Noticed a centaur warrior
   385 | D        | Killed a vampire mosquito
   385 | D        | Reached **** piety under Makhleb
   386 | D        | Reached skill level 12 in Unarmed Combat
   386 | D        | Killed a basilisk
   387 | D        | Reached skill level 13 in Unarmed Combat
   387 | D        | Killed a cyclops
   388 | D        | Reached skill level 10 in Fighting
   388 | D        | Reached skill level 14 in Unarmed Combat
   388 | D        | Reached skill level 1 in Evocations
   388 | D        | Reached XP level 8. HP: 71/79 MP: 7/7
   388 | D        | Killed a centaur warrior
   389 | D        | Reached skill level 15 in Unarmed Combat
   389 | D        | Reached XP level 9. HP: 55/86 MP: 8/8
   396 | D        | Killed a boulder beetle
   396 | D        | Reached ***** piety under Makhleb
   397 | D        | Reached skill level 16 in Unarmed Combat
   732 | D        | Noticed a torpor snail
   732 | D        | Noticed a komodo dragon
   732 | D        | Noticed a black mamba
   736 | D        | Killed a black mamba
   737 | D        | Reached skill level 10 in Dodging
   737 | D        | Reached skill level 17 in Unarmed Combat
   743 | D        | Killed a komodo dragon
   748 | D        | Reached XP level 10. HP: 63/97 MP: 9/9
   751 | D        | Reached skill level 18 in Unarmed Combat
   755 | D        | Killed a torpor snail
   869 | D        | Noticed a five-headed hydra
   871 | D        | Reached ****** piety under Makhleb
   873 | D        | Noticed a four-headed hydra
   875 | D        | Noticed a five-headed hydra
   878 | D        | Reached skill level 19 in Unarmed Combat
  1140 | D        | Killed a five-headed hydra
  1146 | D        | Reached skill level 20 in Unarmed Combat
  1160 | D        | Killed a four-headed hydra
  1161 | D        | Reached skill level 5 in Evocations
  1164 | D        | Killed a five-headed hydra
  1165 | D        | Reached XP level 11. HP: 64/105 MP: 10/10
  1170 | D        | Noticed a death yak
  1170 | D        | Noticed a death yak
  1170 | D        | Noticed a death yak
  1170 | D        | Noticed a catoblepas
  1173 | D        | Noticed a catoblepas
  1176 | D        | Killed a catoblepas
  1177 | D        | Reached skill level 21 in Unarmed Combat
  1178 | D        | Noticed a death yak
  1186 | D        | Slain by a death yak

Illustrated notes

Levels and vault maps discovered:
D:        linesprint [early_d, line_temple, items_1, d_10, items_2, lair_1,
          lair_end, items_3, orc_1, orc_end, items_4, d_15, swamp_1, shoals_1,
          snake_1, spider_1, d_20, vaults_1, items_5, swamp_end, shoals_end,
          snake_end, spider_end, vaults_end, d_27, items_6, zot_1, zot_end,
          crypt_end, forest_end, elf_end, slime_end, tomb_end, abyss_end,
          pan_hell_end]

Skill      XL: |  1  2  3  4  5  6  7  8  9 10 11 |
---------------+----------------------------------+-----
Dodging        | 3 4 5 6 7 8 9 10 11 | 11.5
Fighting       | 4 5 6 8 10 11 12 | 12.4
Unarmed Combat | 4 5 7 8 10 11 14 15 17 20 21 | 21.4
Evocations     | 1 2 3 5 |  5.5
Stealth        | |  2.8

Action                   |  1- 3 |  4- 6 |  7- 9 | 10-12 || total
-------------------------+-------+-------+-------+-------++-------
Melee: Unarmed           |    70 |    26 |    17 |    42 ||   155
       Punch             |     2 |     1 |     2 |     5 ||    10
Evoke: Wand              |       |       |     8 |     2 ||    10
  Use: Potion            |     3 |     1 |     1 |     1 ||     6
       Scroll            |       |       |     1 |     3 ||     4
 Stab: Invisible         |     3 |       |       |       ||     3
       Distracted        |       |       |     1 |       ||     1
       Sleeping          |       |       |       |     1 ||     1
Armor: Robe              |     4 |     1 |     6 |    12 ||    23
Dodge: Dodged            |    29 |    13 |    13 |    22 ||    77

Table legend: (Time is in decaauts)
 A = Elapsed time spent in this place.
 B = Non-inter-level travel time spent in this place.
 C = Inter-level travel time spent in this place.
 D = Time resting spent in this place.
 E = Time spent auto-exploring this place.
 F = Levels seen in this place.
 G = Mean time per level.
                   A        B        C        D        E       F      G
               +--------+--------+--------+--------+--------+-----+--------+
         Total |   1142 |   1142 |      0 |    752 |     41 |   1 | 1142.0 |
       Dungeon |   1142 |   1142 |      0 |    752 |     41 |   1 | 1142.0 |
               +--------+--------+--------+--------+--------+-----+--------+

Top non-repeatable levels by time:
       D: 1142 daAuts
